 Dungeon Crawl Stone Soup version 0.31-a0-986-g5e6e4ef867 (webtiles) character file.

Game seed: 736804192232584107

2364 DocClef the Ruffian (level 9, -19/88 HPs)
             Began as a Troll Shapeshifter on Nov 13, 2023.
             Was a Priest of Okawaru.
             Demolished by a large slime creature (24 damage)
             ... on level 7 of the Dungeon.
             The game lasted 00:06:13 (3758 turns).

DocClef the Ruffian (Troll Shapeshifter)            Turns: 3758, Time: 00:06:14

Health: -19/88     AC: 13    Str: 28    XL:     9   Next: 21%
Magic:  7/8        EV: 10    Int:  6    God:    Okawaru [***...]
Gold:   280        SH:  0    Dex:  9    Spells: 8/8 levels left

rFire   . .          .
                       - Unarmed
rCold   . . .        (no shield)
rNeg    . . .        D - +1 acid dragon scales
rPois   +            (helmet currently unavailable)
rElec   .            (cloak currently unavailable)
rCorr   +            (gloves unavailable)
SInv    .            (boots unavailable)
Will    .....        t - amulet of regeneration
Stlth   +            q - +4 ring of protection
HPRegen 1.94/turn    v - ring of poison resistance
MPRegen 0.11/turn

%: no passive effects
@: beast-form
A: beast (slay +3), large, unfitting armour, claws 3, regeneration 1, shaggy fur
1, tough skin 1
a: Begin Untransformation, Renounce Religion, Heroism


You were on level 7 of the Dungeon.
You worshipped Okawaru.
Okawaru was most pleased with you.
You were a hulking beast.
You visited 1 branch of the dungeon, and saw 7 of its levels.

You collected 280 gold pieces.

Inventory:

Armour
 D - +1 acid dragon scales (worn)
Jewellery
 i - a ring of ice
 l - a ring of resist corrosion
 n - a ring of willpower
 q - a +4 ring of protection (left claw)
 t - an amulet of regeneration (around neck)
 v - a ring of poison resistance (right claw)
 w - an amulet of reflection
Talismans
 c - a beast talisman
 d - a flux talisman
Wands
 a - a wand of flame (14)
Scrolls
 f - 2 scrolls of identify
 g - a scroll of teleportation
 h - 2 scrolls of fear
 s - a scroll of revelation
Potions
 b - a potion of lignification
 e - a potion of curing
 j - 4 potions of might
 k - a potion of enlightenment
 p - 2 potions of haste
 r - 5 potions of heal wounds
 x - 2 potions of ambrosia
 z - 2 potions of berserk rage
 C - a potion of resistance


   Skills:
 + Level 5.1 Fighting
 + Level 5.3 Dodging
 + Level 6.8 Unarmed Combat
 + Level 6.3 Shapeshifting


You had 8 spell levels left.
You didn't know any spells.
Your spell library contained the following spells:

 Spells                   Type           Power      Damage    Failure   Level
 Kiss of Death            Conj/Necr      0%         2d5       52%         1
 Sandblast                Erth           0%         2d4       52%         1
 Passwall                 Tmut/Erth      0%         N/A       67%         2
 Confusing Touch          Hex            0%         N/A       88%         3
 Stone Arrow              Conj/Erth      0%         3d7       88%         3
 Brom's Barrelling Bould  Conj/Erth      0%         2d3       99%         4
 Dispel Undead            Necr           0%         3d6       99%         4


Dungeon Overview and Level Annotations

Branches:
Dungeon (7/15)             Temple (0/1) D:7

Altars:
Fedhas
Okawaru
Trog
Uskayaw
Wu Jian
Yredelemnul

Shops:
D:4 (

Annotations:
D:4 1 runed translucent door, gelatine's ghost, novice DsFi


Innate Abilities, Weirdness & Mutations

You are a hulking beast.
Your limbs bulge with bestial killing power. (Slay +3)
You are too large for most types of armour.
You have claws for hands.
Your natural rate of healing is unusually fast.
You are covered in fur. (AC +1)
You have tough skin. (AC +1)


Message History

You kill the slime creature!
Okawaru accepts your kill.
A large slime creature splits.
The slime creature closely misses you.
You scratch the slime creature.
The slime creature is moderately wounded.
The slime creature hits you! The slime creature hits you.
The slime creature barely misses you.
You scratch the slime creature.
The slime creature is moderately wounded.
The slime creature hits you but does no damage.
The slime creature closely misses you. x2; The slime creature misses you.
Two slime creatures merge to form a large slime creature.
Unknown command.
You claw the large slime creature! x2
The large slime creature is moderately wounded.
The slime creature hits you but does no damage.
The slime creature barely misses you.
Unknown command.
You claw the large slime creature!
The large slime creature is heavily wounded.
The slime creature closely misses you. The slime creature hits you!
You scratch the large slime creature.
The large slime creature is heavily wounded.
You feel like a meek peon again. The slime creature hits you!
The large slime creature hits you!!!
* * * LOW HITPOINT WARNING * * *
The slime creature hits you.
* * * LOW HITPOINT WARNING * * *
The slime creature closely misses you.
You claw the large slime creature!
The large slime creature is severely wounded.
The slime creature hits you but does no damage.
The large slime creature hits you but does no damage.
The slime creature hits you!
* * * LOW HITPOINT WARNING * * *
Unknown command.
You scratch the large slime creature but do no damage.
The large slime creature is severely wounded.
The slime creature barely misses you. x2; The large slime creature hits you!!
You die...

#...# #.....# #. ###
###.# #.....###. (..##
#.## #........# .....#
#..# #........# ......
##.########...# ....#
#####..#######...# #...
#....รทรท..........#
#$..##JJ..............#
#.cJh...............#
#?.)##J.............###
#... #..............#
....#
#..............###
......
##############....
[....# ####. !..## #.
### ## #


You could see a large slime creature, 3 slime creatures and a centaur.

Vanquished Creatures
  Maggie (D:6)
  A slime creature (D:7)
  A wyvern (D:7)
  A black bear (D:4)
  An ice beast (D:5)
  3 ogres (D:6)
  A phantom (D:4)
  3 bullfrogs
  2 scorpions
  3 wights (D:7)
  4 hounds
  4 orc priests
  2 sleepcaps
  A gnoll bouda (D:5)
  3 jellies
  4 iguanas
  2 orc wizards
  4 gnolls (D:2)
  9 adders
  2 shadow imps
  2 ufetubi (D:6)
  2 worms
  2 dart slugs
  10 orcs
  7 endoplasms
  2 giant cockroaches
  3 goblins
  5 hobgoblins
  2 jackals (D:2)
  2 kobolds (D:4)
  2 quokkas
  6 ball pythons
  3 bats
  3 frilled lizards
  6 rats
109 creatures vanquished.

Vanquished Creatures (others)
  An orc wizard (D:7)
1 creature vanquished.

Grand Total: 110 creatures vanquished

Notes
Turn   | Place    | Note
-------+----------+-------------------------------------------
     0 | D:1      | DocClef the Troll Shapeshifter began the quest for the Orb.
     0 | D:1      | Reached XP level 1. HP: 18/18 MP: 0/0
    35 | D:1      | Reached skill level 1 in Fighting
   157 | D:1      | Reached XP level 2. HP: 27/27 MP: 1/1
   248 | D:1      | You fall into a shaft and drop 1 floor!
   486 | D:2      | Reached XP level 3. HP: 33/33 MP: 2/2
   810 | D:2      | Reached XP level 4. HP: 31/42 MP: 3/3
  1112 | D:3      | Reached XP level 5. HP: 35/49 MP: 4/4
  1434 | D:3      | Found a basalt altar of Yredelemnul.
  1434 | D:3      | Found a faded altar of an unknown god.
  1442 | D:3      | Found a blossoming altar of Fedhas.
  1444 | D:3      | Found an ornate altar of the Wu Jian Council.
  1446 | D:3      | Found an iron altar of Okawaru.
  1637 | D:3      | Became a worshipper of Warmaster Okawaru
  1692 | D:4      | Found Inouz's Antique Weapon Shop.
  1709 | D:4      | Noticed a black bear
  1719 | D:4      | Killed a black bear
  1873 | D:4      | Reached XP level 6. HP: 59/59 MP: 5/5
  2012 | D:4      | Reached * piety under Okawaru
  2028 | D:5      | Entered Level 5 of the Dungeon
  2072 | D:5      | Reached XP level 7. HP: 65/66 MP: 6/6
  2197 | D:5      | Reached ** piety under Okawaru
  2225 | D:5      | Found a bloodstained altar of Trog.
  2225 | D:5      | Found a hide-covered altar of Uskayaw.
  2582 | D:5      | Reached skill level 5 in Unarmed Combat
  2656 | D:4      | Found a runed translucent door.
  2666 | D:4      | Noticed gelatine's ghost (novice DsFi)
  2858 | D:6      | Noticed Maggie
  2873 | D:6      | Killed Maggie
  2874 | D:6      | Reached skill level 5 in Shapeshifting
  2874 | D:6      | Reached XP level 8. HP: 59/78 MP: 4/7
  2955 | D:6      | Reached *** piety under Okawaru
  3502 | D:7      | Found a staircase to the Ecumenical Temple.
  3709 | D:7      | Reached skill level 5 in Dodging
  3718 | D:7      | Reached XP level 9. HP: 87/87 MP: 8/8
  3741 | D:7      | Reached **** piety under Okawaru
  3742 | D:7      | Reached skill level 5 in Fighting
  3757 | D:7      | HP: 4/88 [slime creature (11)]
  3758 | D:7      | Demolished by a large slime creature

Illustrated notes

Levels and vault maps discovered:
D:1:      dpeg_arrival_radiant, layout_basic
D:2:      layout_basic
D:3:      layout_basic, chequers_temple_overflow_minitemple, patterned_corridor
D:4:      layout_rooms, ebering_ghost_sewer_d, serial_shops, shop,
          minmay_circle_x
D:5:      layout_cave_pools, mainiacjoe_overflow_divided_tiny,
          nicolae_concentric_dashed_squares_mild, minivault_19,
          kennysheep_generic_room_10
D:6:      layout_rooms, uniq_maggie
D:7:      layout_basic, minmay_temple_entry_offerings, corexii_leaking_fountain,
          grunt_potential

Skill      XL: |  1  2  3  4  5  6  7  8  9 |
---------------+----------------------------+-----
Fighting       | 1 2 3 4 5 |  5.1
Dodging        | 2 3 4 5 |  5.3
Unarmed Combat | 4 5 6 |  6.8
Shapeshifting  | 4 5 6 |  6.3

Action                     |  1- 3 |  4- 6 |  7- 9 || total
---------------------------+-------+-------+-------++-------
  Melee: Unarmed           |    60 |   116 |   153 ||   329
         Punch             |     2 |     2 |     6 ||    10
 Invoke: Heroism           |       |       |     2 ||     2
    Use: Scroll            |       |       |    18 ||    18
   Stab: Sleeping          |     1 |       |       ||     1
 Armour: Animal skin       |    34 |    84 |    30 ||   148
         Acid dragon scale |       |       |    60 ||    60
  Dodge: Dodged            |    30 |    69 |    69 ||   168

Table legend: (Time is in decaauts)
 A = Elapsed time spent in this place.
 B = Non-inter-level travel time spent in this place.
 C = Inter-level travel time spent in this place.
 D = Time resting spent in this place.
 E = Time spent auto-exploring this place.
 F = Levels seen in this place.
 G = Mean time per level.
                   A        B        C        D        E       F      G
               +--------+--------+--------+--------+--------+-----+--------+
         Total |   3726 |   3565 |    161 |      6 |   2845 |   7 |  532.3 |
       Dungeon |   3726 |   3565 |    161 |      6 |   2845 |   7 |  532.3 |
               +--------+--------+--------+--------+--------+-----+--------+

Top non-repeatable levels by time:
     D:2: 799 daAuts
     D:3: 616 daAuts
     D:6: 584 daAuts
     D:5: 553 daAuts
     D:4: 539 daAuts
     D:7: 386 daAuts
     D:1: 247 daAuts
